 Dungeon Crawl Stone Soup version 0.29-a0-418-gc0181ea820 (webtiles) character file.

Game seed: 10975529631510537298

9 xian the Charlatan (level 2, 0/20 HPs)
             Began as a Vampire Artificer on May 18, 2022.
             Slain by a jackal (2 damage)
             ... on level 1 of the Dungeon.
             The game lasted 00:01:07 (129 turns).

xian the Charlatan (Vampire Artificer)               Turns: 129, Time: 00:01:07

Health: 0/20       AC:  3    Str: 11    XL:     2   Next: 6%
Magic:  2/2        EV: 12    Int: 13    God:
Gold:   8          SH:  0    Dex: 14    Spells: 1/1 levels left

rFire   . . .      SeeInvis +   a - +0 club
rCold   . . .      Faith    .   (no shield)
rNeg    . . .      Spirit   .   b - +0 leather armour
rPois   .          Reflect  .   (no helmet)
rElec   .          Harm     .   (no cloak)
rCorr   .          Rampage  .   (no gloves)
Will    .....                   (no boots)
Stlth   ++........              (no amulet)
HPRegen 0.26/turn               (no ring)
MPRegen 0.08/turn               (no ring)

@: healing quickly
A: alive, fangs 3, see invisible, vampiric 1
a: Exsanguinate


You were on level 1 of the Dungeon.
You visited 1 branch of the dungeon, and saw 1 of its levels.

You collected 8 gold pieces.

Inventory:

Hand Weapons
 a - a +0 club (weapon)
Armour
 b - a +0 leather armour (worn)
Wands
 c - a wand of flame (9) (quivered)
 d - a wand of charming (15)
 e - a wand of iceblast (9)
Scrolls
 h - a scroll of magic mapping {unknown}
Potions
 f - a potion of brilliance {unknown}
 g - a potion of curing {unknown}


   Skills:
 + Level 0.8 Fighting
 + Level 0.9 Armour
 + Level 2.3 Dodging
 + Level 1.5 Stealth
 + Level 3.1 Evocations


You had one spell level left.
You didn't know any spells.
Your spell library was empty.

Dungeon Overview and Level Annotations

Branches:
Dungeon (1/15)

Altars:


Innate Abilities, Weirdness & Mutations

Your natural rate of healing is accelerated.
You have razor-sharp teeth.
You have supernaturally acute eyesight. (SInv)
You are afflicted with vampirism.


Message History

The jackal bites you but does no damage.
The jackal barely misses you.
You closely miss the jackal. The jackal bites you.
The jackal bites you but does no damage.
The jackal closely misses you. The jackal barely misses you. x2
You hit the jackal.
The jackal is almost dead.
The jackal bites you. x2; The jackal barely misses you.
The jackal closely misses you. The jackal misses you.
The jackal barely misses you.
You barely miss the jackal.
The jackal is almost dead.
The jackal barely misses you. The jackal closely misses you.
The jackal bites you. The jackal barely misses you. x2
The jackal closely misses you.
You barely miss the jackal.
The jackal is almost dead.
The jackal bites you.
* * * LOW HITPOINT WARNING * * *
The jackal closely misses you. The jackal bites you.
* * * LOW HITPOINT WARNING * * *
The jackal barely misses you. x2
You miss the jackal. You bite the jackal.
You kill the jackal!
The jackal barely misses you. The jackal closely misses you.
The jackal bites you.
* * * LOW HITPOINT WARNING * * *
Unknown command.
You closely miss the jackal.
The jackal is almost dead.
The jackal closely misses you. The jackal barely misses you.
The jackal closely misses you. x2
You hit the jackal but do no damage.
The jackal is almost dead.
The jackal closely misses you. x2; The jackal misses you.
The jackal bites you.
* * * LOW HITPOINT WARNING * * *
You barely miss the jackal.
The jackal is almost dead.
The jackal bites you.
You die...

...^......#.# #.#
.....#...##.# #.#
.........##.# #.#
.....##.###.########.###
..... #.###.............
.... #..............###
#.# #.###.....#.....##
#.#####.###.###.#.....##
#.....h@h.)...........##
#######.###..##.#.....##
#.# #.....#.....## #.#
##.####.###### #.# #...
#.# ## ..##.###. ..# #.
#.## . #.# #. #.# ....
#. #.


You could see 2 jackals.

Vanquished Creatures
  A giant cockroach (D:1)
  6 jackals (D:1)
7 creatures vanquished.

Notes
Turn   | Place    | Note
-------+----------+-------------------------------------------
     0 | D:1      | xian the Vampire Artificer began the quest for the Orb.
     0 | D:1      | Reached XP level 1. HP: 14/14 MP: 1/1
    18 | D:1      | Reached skill level 3 in Evocations
   118 | D:1      | Reached XP level 2. HP: 9/20 MP: 2/2
   128 | D:1      | HP: 1/20 [jackal (2)]
   129 | D:1      | Slain by a jackal

Illustrated notes

Levels and vault maps discovered:
D:1:      elethiomel_arrival_shortcut, layout_loops_ring,
          hellmonk_ecumenical_altar_prayer_group, dk_noncrumbling_4

Skill      XL: |  1 |
---------------+----+-----
Evocations     | 3 |  3.1
Fighting       | |  0.8
Armour         | |  0.9
Dodging        | |  2.3
Stealth        | |  1.5

Action                   || total
-------------------------++-------
Melee: Club              ||    28
       Bite              ||     2
Evoke: Wand              ||     6
Armor: Leather armour    ||    18
Dodge: Dodged            ||    71

Table legend: (Time is in decaauts)
 A = Elapsed time spent in this place.
 B = Non-inter-level travel time spent in this place.
 C = Inter-level travel time spent in this place.
 D = Time resting spent in this place.
 E = Time spent auto-exploring this place.
 F = Levels seen in this place.
 G = Mean time per level.
                   A        B        C        D        E       F      G
               +--------+--------+--------+--------+--------+-----+--------+
         Total |    137 |    137 |      0 |      0 |     50 |   1 |  137.0 |
       Dungeon |    137 |    137 |      0 |      0 |     50 |   1 |  137.0 |
               +--------+--------+--------+--------+--------+-----+--------+

Top non-repeatable levels by time:
     D:1: 137 daAuts
